 Dungeon Crawl Stone Soup version 0.25-a0-632-g7713895373 (webtiles) character file.

Game seed: 7855962532800922521, levelgen mode: deterministic

2869 Majang the Cleaver (level 9, -11/71 HPs)
             Began as a Demonspawn Gladiator on Mar 19, 2020.
             Was a Priest of Makhleb.
             Mangled by a cyan ugly thing (17 damage)
             ... on level 7 of the Dungeon.
             The game lasted 00:28:55 (6448 turns).

Majang the Cleaver (Demonspawn Gladiator)           Turns: 6448, Time: 00:28:57

Health: -11/71     AC: 18    Str: 17    XL:     9   Next: 47%
Magic:  14/14      EV: 16    Int: 10    God:    Makhleb [***...]
Gold:   402        SH:  4    Dex: 15    Spells: 8/8 levels left

rFire    . . .     SeeInvis +   b - +6 executioner's axe "Innysiow" {protect, rC+}
rCold    + + +     Gourm    .   (shield currently unavailable)
rNeg     . . .     Faith    .   x - +1 scale mail {rC+}
rPois    .         Spirit   .   c - +1 helmet
rElec    .         Reflect  +   (no cloak)
rCorr    .         Harm     .   (no gloves)
MR       .....                  (no boots)
Stlth    ..........             u - +4 amulet of reflection
HPRegen  0.21/turn              i - ring of see invisible
MPRegen  0.14/turn              h - ring of protection from cold

@: agile, sanguine armour
A: claws 1, powered by pain 1, sanguine armour 2
a: Minor Destruction, Lesser Servant of Makhleb, Renounce Religion


You were on level 7 of the Dungeon.
You worshipped Makhleb.
Makhleb was most pleased with you.
You were not hungry.

You visited 2 branches of the dungeon, and saw 8 of its levels.

You collected 402 gold pieces.

Inventory:

Hand Weapons
 a - a +1 war axe
 b - the +6 executioner's axe "Innysiow" (weapon) {protect, rC+}
   (You acquired it on level 7 of the Dungeon)

   It grants its wielder temporary protection when it strikes (+7 to AC).
   It protects you from cold.
 w - a +2 vorpal flail
Missiles
 d - 4 throwing nets (quivered)
Armour
 c - a +1 helmet (worn)
 x - a +1 scale mail of cold resistance (worn)
Jewellery
 h - a ring of protection from cold (right claw)
 i - a ring of see invisible (left claw)
 l - an uncursed amulet of rage
 t - an uncursed ring of protection from cold
 u - a +4 amulet of reflection (around neck)
Wands
 s - a wand of acid (9)
Scrolls
 e - 4 scrolls of identify
 g - a scroll of amnesia
 j - 8 scrolls of teleportation
 n - a scroll of magic mapping
 o - 2 scrolls of remove curse
 p - a scroll of enchant armour
Potions
 m - 4 potions of curing {unknown}
 q - a potion of degeneration {unknown}
 r - a potion of berserk rage {unknown}
 v - 2 potions of heal wounds {unknown}
 z - a potion of lignification {unknown}
 A - a potion of stabbing
Comestibles
 f - 19 rations
 k - 4 chunks of flesh


   Skills:
 + Level 6.8 Fighting
 * Level 9.0 Axes
 - Level 1.7 Throwing
 + Level 1.0 Armour
 + Level 3.0 Dodging
 + Level 7.9 Invocations


You had 8 spell levels left.
You didn't know any spells.
Your spell library contained the following spells:

 Spells                   Type           Power        Failure   Level  Hunger
 Magic Dart               Conj           #...         80%         1    ##.....
 Blink                    Tloc           N/A          90%         2    ###....
 Call Imp                 Summ           #.......     90%         2    ###....
 Slow                     Hex            #.......     90%         2    ###....
 Conjure Flame            Conj/Fire      #.......     99%         3    ####...
 Mephitic Cloud           Conj/Pois/Air  #.......     99%         3    ####...


Dungeon Overview and Level Annotations

Branches:
Dungeon (7/15)             Temple (1/1) D:6

Altars:
Ashenzari
Cheibriados
Dithmenos
Elyvilon
Fedhas
Gozag
Hepliaklqana
Kikubaaqudgha
Makhleb
Nemelex Xobeh
Okawaru
Qazlal
Ru
Sif Muna
Uskayaw
Vehumet
Wu Jian
Xom
Yredelemnul
Zin
The Shining One

Shops:
D:4 [


Innate Abilities, Weirdness & Mutations

You have sharp fingernails.
You sometimes gain a little power by taking damage.
When seriously injured, your bleeding wounds create thick armour. (AC +9)


Message History

The cyan ugly thing is moderately wounded.
The cyan ugly thing tail-slaps you! The cyan ugly thing shocks you!
Your blood congeals into armour.
You closely miss the cyan ugly thing.
The cyan ugly thing is moderately wounded.
The cyan ugly thing tail-slaps you but does no damage.
You closely miss the cyan ugly thing.
The cyan ugly thing is moderately wounded.
The cyan ugly thing completely misses you.
The cyan ugly thing tail-slaps you! The cyan ugly thing shocks you!
* * * LOW HITPOINT WARNING * * *
Okay, then.
You barely miss the cyan ugly thing.
The cyan ugly thing is moderately wounded.
The cyan ugly thing tail-slaps you!
* * * LOW HITPOINT WARNING * * *
You focus on the pain.
You feel agile all of a sudden. The cyan ugly thing shocks you!
You die...

#.#....)... .........#<#
...####..#.. .. #. ...#
#..#.. ###. #.
#############..#.. .....#.
#......[..........
.....#.####............(...#
...........................#
..........u@...............#
..........)#################
.......)...# ...........#
...........# ...........#
...........# ...........#
############


You could see a cyan ugly thing.

Vanquished Creatures
  A two-headed ogre (D:6)
  Prince Ribbit (D:6)
  Menkaure (D:6)
  Edmund (D:4)
  A black bear (D:6)
  2 ice beasts (D:7)
  A sky beast (D:6)
  2 ogres
  A phantom (D:5)
  2 centaurs (D:6)
  A bullfrog (D:6)
  A water moccasin zombie (D:4)
  A howler monkey (D:6)
  2 crimson imps
  A jelly (D:6)
  3 bullfrog skeletons
  An orc priest (D:5)
  A gnoll shaman (D:7)
  3 hounds
  2 orc wizards (D:5)
  2 centaur skeletons
  2 worker ants (D:6)
  Ijyb (D:3)
  A hound zombie (D:4)
  A worker ant zombie (D:4)
  12 gnolls
  11 adders
  2 shadow imps
  4 adder zombies (D:4)
  4 adder skeletons
  A worm (D:2)
  3 dart slugs
  3 leopard geckos
  9 orcs
  A ball python (D:6)
  7 bats
  5 giant cockroaches
  6 goblins
  10 hobgoblins
  16 jackals
  6 kobolds
  3 quokkas
  6 frilled lizards
  4 giant cockroach zombies
  3 jackal skeletons (D:4)
  3 leopard gecko skeletons
  2 quokka skeletons (D:4)
  A quokka zombie (D:4)
  8 rats
166 creatures vanquished.

Notes
Turn   | Place    | Note
-------+----------+-------------------------------------------
     0 | D:1      | Majang the Demonspawn Gladiator began the quest for the
                  | Orb.
     0 | D:1      | Reached XP level 1. HP: 16/16 MP: 1/1
   201 | D:1      | Reached skill level 3 in Axes
   210 | D:1      | Gained mutation: When seriously injured, your bleeding
                  | wounds create armour. (AC +9) [demonic ancestry]
   210 | D:1      | Reached XP level 2. HP: 18/23 MP: 2/2
   521 | D:1      | Gained mutation: You sometimes gain a little power by
                  | taking damage. [demonic ancestry]
   521 | D:1      | Reached XP level 3. HP: 23/28 MP: 3/3
   607 | D:1      | You fall into a shaft and drop 1 floor!
   607 | D:2      | Found a burning altar of Makhleb.
   696 | D:2      | Became a worshipper of Makhleb the Destroyer
   748 | D:2      | Reached skill level 4 in Axes
   748 | D:2      | Gained mutation: When seriously injured, your bleeding
                  | wounds create thick armour. (AC +9) [demonic ancestry]
   748 | D:2      | Reached XP level 4. HP: 32/34 MP: 4/4
  1000 | D:2      | Reached skill level 1 in Invocations
  1646 | D:2      | Found a shimmering blue altar of Sif Muna.
  1670 | D:2      | Found a radiant altar of Vehumet.
  1823 | D:2      | Reached * piety under Makhleb
  1828 | D:2      | Reached XP level 5. HP: 41/41 MP: 6/6
  2162 | D:3      | Found a snail-covered altar of Cheibriados.
  2296 | D:3      | Noticed Ijyb
  2304 | D:3      | Killed Ijyb
  2498 | D:3      | Found an opulent altar of Gozag.
  2734 | D:4      | Reached skill level 5 in Axes
  2734 | D:4      | Reached XP level 6. HP: 31/48 MP: 7/7
  2924 | D:4      | Found a shattered altar of Ashenzari.
  3100 | D:4      | Reached ** piety under Makhleb
  3292 | D:4      | Noticed Edmund
  3310 | D:4      | Killed Edmund
  3467 | D:4      | Reached XP level 7. HP: 52/54 MP: 9/9
  3528 | D:4      | Found Urenew's Antique Armour Boutique.
  3736 | D:5      | Entered Level 5 of the Dungeon
  3782 | D:5      | Reached skill level 6 in Axes
  4069 | D:5      | Found a glowing silver altar of Zin.
  4240 | D:5      | Found an ornate altar of the Wu Jian Council.
  4332 | D:5      | Found a shadowy altar of Dithmenos.
  4344 | D:5      | Reached *** piety under Makhleb
  4364 | D:5      | Reached skill level 5 in Invocations
  4561 | D:6      | Reached skill level 5 in Fighting
  4634 | D:6      | Noticed Prince Ribbit
  4652 | D:6      | Killed Prince Ribbit
  4652 | D:6      | Reached skill level 7 in Axes
  4652 | D:6      | Gained mutation: You have sharp fingernails. [demonic
                  | ancestry]
  4652 | D:6      | Reached XP level 8. HP: 62/62 MP: 10/12
  4691 | D:6      | Found a staircase to the Ecumenical Temple.
  4698 | Temple   | Entered the Ecumenical Temple
  4838 | D:6      | Noticed Menkaure
  4843 | D:6      | Killed Menkaure
  5241 | D:6      | Noticed a two-headed ogre
  5251 | D:6      | Killed a two-headed ogre
  5251 | D:6      | Reached skill level 8 in Axes
  5251 | D:6      | Reached XP level 9. HP: 44/71 MP: 12/14
  6215 | D:7      | Reached skill level 9 in Axes
  6218 | D:7      | Identified a scroll of acquirement
  6218 | D:7      | Identified the +1 pair of gloves "Voeh" {Regen+ Str+3
                  | Int-4} (You acquired it on level 7 of the Dungeon)
  6218 | D:7      | Identified the +6 executioner's axe "Innysiow" {protect,
                  | rC+} (You acquired it on level 7 of the Dungeon)
  6350 | D:7      | Reached skill level 1 in Armour
  6430 | D:7      | Noticed a cyan ugly thing
  6448 | D:7      | Mangled by a cyan ugly thing

Levels and vault maps discovered:
D:1:      dpeg_arrival_solitude, layout_loops_ring, skrybe_limestone_x
D:2:      layout_loops_cross, vehumet_crystals, makhleb_blood_cavern_becter,
          led_sif_pool, minmay_misc_feat_room, serial_park_tiny_2
D:3:      layout_rooms, marbit_many_paths, cheibriados_altar_1, uniq_ijyb
D:4:      layout_gridville, evilmike_ruin_ashenzari, serial_undead,
          serial_undead_e, serial_undead_b, serial_undead_a, serial_undead_d,
          serial_undead_b, serial_undead_e, serial_undead_f, serial_shops,
          kennysheep_mini_moat, first_ration, uniq_edmund
D:5:      layout_basic, lemuel_doored_altar, zin_scriptorium,
          nicolae_dithmenos_the_darkroom
D:6:      layout_basic, minmay_temple_entry_sparse_star, minmay_misc_feat_rows,
          uniq_prince_ribbit1, uniq_menkaure
D:7:      layout_basic, overflow_temple_1_default, st_stairs_5
Temple:   minmay_temple_bridge_abc

Skill      XL: |  1  2  3  4  5  6  7  8  9 |
---------------+----------------------------+-----
Axes           | 3 4 5 7 8 9 |  9.0
Fighting       | 3 4 5 6 |  6.8
Invocations    | 1 2 3 5 7 |  7.9
Armour         | 1 |  1.0
Dodging        | 3 |  3.0
Throwing       | |  1.7

Action                   |  1- 3 |  4- 6 |  7- 9 || total
-------------------------+-------+-------+-------++-------
Melee: War axe           |    63 |   248 |   252 ||   563
       Executioner's axe |       |       |     5 ||     5
Throw: Throwing net      |     3 |       |       ||     3
Invok: Minor Destruction |       |       |    57 ||    57
Evoke: Wand              |       |     2 |       ||     2
  Use: Potion            |       |     1 |       ||     1
       Scroll            |       |     4 |    12 ||    16
  Eat: Chunk             |       |     9 |     6 ||    15
       Ration            |       |       |     1 ||     1
Armor: Leather armour    |    26 |    29 |       ||    55
       Scale mail        |       |    86 |   102 ||   188
Dodge: Dodged            |    57 |   177 |   130 ||   364
Block: Other             |       |    20 |    49 ||    69
       Reflection        |       |       |     2 ||     2

Table legend:
 A = Non-vault XP
 B = Vault XP
 C = Vault XP percentage of total XP
 D = Non-vault monster count
 E = Vault monster count
 F = Vault count percentage of total count
                 A         B        C        D         E       F
            +---------+---------+-------+---------+---------+-------
      Total |    3112 |     987 |  24.1 |     142 |      24 |  14.5
            +---------+---------+-------+---------+---------+-------
        D:1 |      63 |       0 |   0.0 |      27 |       0 |   0.0
        D:2 |      95 |      40 |  29.6 |      27 |       1 |   3.6
        D:3 |      33 |      35 |  51.5 |      12 |       2 |  14.3
        D:4 |     186 |     348 |  65.2 |      19 |      18 |  48.6
        D:5 |     535 |       0 |   0.0 |      23 |       0 |   0.0
        D:6 |    1739 |     431 |  19.9 |      21 |       2 |   8.7
        D:7 |     461 |     133 |  22.4 |      13 |       1 |   7.1
            +---------+---------+-------+---------+---------+-------
